 Dungeon Crawl Stone Soup version 0.32-a0-953-g508020473e (webtiles) character file.

Game seed: 6410029443942562036

1308 Fodor the Slasher (level 8, -2/68 HPs)
             Began as a Minotaur Fighter on Apr 16, 2024.
             Succumbed to a gnoll bouda's poison
             ... on level 6 of the Dungeon.
             The game lasted 00:22:02 (5118 turns).

Fodor the Slasher (Minotaur Fighter)                Turns: 5118, Time: 00:22:02

Health: -2/68      AC: 17    Str: 36    XL:     8   Next: 32%
Magic:  7/7        EV: 22    Int:  5    God:
Gold:   396        SH: 13    Dex: 12    Spells: 7/7 levels left

rFire   . . .        s - +1 long sword of a Labyrinth {protect, *Slow +Blink rC+ Dex+3}
rCold   + . .        x - +0 tower shield
rNeg    . . .        b - +0 chain mail
rPois   .            (helmet currently unavailable)
rElec   .            (cloak currently unavailable)
rCorr   .            (gloves currently unavailable)
SInv    .            (boots currently unavailable)
Will    .....        r - amulet of the acrobat Stlth
                     w - +6 ring of strength
HPRegen 0.31/turn    k - +6 ring of strength
MPRegen 0.10/turn

%: slow self (1%), acrobat
@: lethally poisoned (-2 -> -31), beast-form, under a protective aura, acrobatic
A: beast (slay +1), horns 2, retaliatory headbutt
a: Begin Untransformation, Evoke Blink


You were on level 6 of the Dungeon.
You were a hulking beast.
You visited 1 branch of the dungeon, and saw 6 of its levels.

You collected 396 gold pieces.

Inventory:

Hand Weapons
 a - a +0 war axe
 s - the +1 long sword of a Labyrinth (weapon) {protect, *Slow +Blink rC+ Dex+3}
   (You found it on level 3 of the Dungeon)

   Dex+3:     It affects your dexterity (+3).
   rC+:       It protects you from cold.
   +Blink:    It lets you blink.
   *Slow:     It may slow you when you take damage.
Armour
 b - a +0 chain mail (worn)
 x - a +0 tower shield (worn)
 B - a +0 pair of gloves
Jewellery
 k - a +6 ring of strength (right hand)
 r - an amulet of the acrobat (around neck)
 w - a +6 ring of strength (left hand)
 A - an amulet of reflection
Talismans
 g - a beast talisman (active)
 p - a maw talisman
 y - a storm talisman
Wands
 c - a wand of polymorph (11)
Scrolls
 h - 4 scrolls of teleportation {unknown}
 j - 7 scrolls of identify {unknown}
 n - a scroll of enchant armour {unknown}
 u - a scroll of blinking {unknown}
 v - a scroll of immolation {unknown}
 z - 2 scrolls of vulnerability {unknown}
Potions
 d - 2 potions of might
 e - 2 potions of curing {unknown}
 f - 3 potions of degeneration {unknown}
 i - 2 potions of mutation {unknown}
 l - 3 potions of magic {unknown}
 m - 3 potions of lignification {unknown}
 o - a potion of haste {unknown}
 q - 2 potions of heal wounds {unknown}
 t - a potion of enlightenment {unknown}


   Skills:
 + Level 5.2 Fighting
 + Level 6.6 Long Blades
 + Level 3.7 Axes
 + Level 6.4 Armour
 + Level 2.1 Dodging
 + Level 0.5 Stealth
 + Level 5.7 Shields
 + Level 2.6 Shapeshifting


You had 7 spell levels left.
You didn't know any spells.
Your spell library contained the following spells:

 Spells                   Type           Power      Damage    Failure   Level
 Necrotise                Necr           0%         1d4       99%         1
 Cigotuvi's Dreadful Rot  Necr/Alch/Air  0%         N/A       100%        2
 Ensorcelled Hibernation  Hex/Ice        0%         N/A       100%        2
 Static Discharge         Conj/Air       0%         3-3/arc   100%        2
 Fugue of the Fallen      Necr           0%         N/A       100%        3
 Vampiric Draining        Necr           0%         2d6       100%        3
 Airstrike                Air            0%         2d(0-16)  100%        4
 Anguish                  Hex/Necr       0%         N/A       100%        4
 Ignite Poison            Fire/Alch      0%         N/A       100%        4
 Martyr's Knell           Necr/Summ      0%         N/A       100%        4
 Summon Lightning Spire   Summ/Air       0%         N/A       100%        4
 Curse of Agony           Necr           0%         N/A       100%        5
 Freezing Cloud           Conj/Ice/Air   0%         6-21      100%        5


Dungeon Overview and Level Annotations

Branches:
Dungeon (6/15)
 Temple: D:4-7

Altars:
Gozag
Hepliaklqana
Sif Muna
Trog
The Shining One

Shops:
D:5 [   D:6 :[


Innate Abilities, Weirdness & Mutations

You are a hulking beast.
Your limbs bulge with bestial killing power. (Slay +1)
You have a pair of horns on your head.
You reflexively headbutt those who attack you in melee.


Message History

The gnoll completely misses you. You furiously retaliate!
You headbutt the gnoll!
You kill the gnoll!
You block the gnoll sergeant's attack.
The gnoll bouda hits you with a +1 whip of venom.
You hit the gnoll sergeant.
The gnoll sergeant is almost dead.
The gnoll bouda gazes fiercely through you!
You feel your attacks grow feeble. The gnoll bouda barely misses you.
You block the gnoll sergeant's attack.
You hit the gnoll sergeant.
You kill the gnoll sergeant!
The gnoll bouda closely misses you. You block the gnoll's attack.
You barely miss the gnoll.
The gnoll is no longer moving quickly.
The gnoll bouda barks out a call to the hunt!
The gnoll picks up the pace!
You block the gnoll's attack.
The gnoll bouda hits you with a +1 whip of venom.
You are poisoned.
You hit the gnoll. Your headbutt misses the gnoll.
The gnoll is lightly wounded.
Your attacks no longer feel as feeble.
You feel very sick. You block the gnoll's attack.
The gnoll bouda hits you with a +1 whip of venom!
You are lethally poisoned!
The gnoll hits you with a +0 flail.
You closely miss the gnoll.
The gnoll is lightly wounded.
* * * LOW HITPOINT WARNING * * *
You feel extremely sick.
The gnoll bouda hits you but does no damage.
You are more poisoned.
You block the gnoll's attack.
* * * LOW HITPOINT WARNING * * *
You feel extremely sick.
The gnoll is no longer moving quickly.
Things that are here:
a +0 club; a gnoll corpse You die...

.............########
...............#
..#..........#.#
###<.........#.####
#..........#....# #
#..........####.# ...
#...............# #....
#..........###..####....>.
#..........# #h)gg.)......
#..........# ##)#g....∩...
###############)#.........
#.....#...<.....
#.#####.....?##. #.ß......
#.#....... #.#.#..###


You could see a gnoll bouda and 2 gnolls.

Vanquished Creatures
  Menkaure (D:5)
  A black bear (D:5)
  A sky beast (D:6)
  3 phantoms
  A gnoll sergeant (D:6)
  2 scorpions
  A howler monkey (D:6)
  A bombardier beetle (D:5)
  A hound (D:6)
  2 sleepcaps
  4 iguanas
  2 orc wizards
  Robin (D:3)
  10 gnolls
  5 adders
  4 ufetubi (D:6)
  6 dart slugs
  A ribbon worm (D:2)
  7 orcs
  6 endoplasms
  A giant cockroach (D:3)
  20 goblins
  11 hobgoblins
  3 jackals (D:3)
  6 quokkas
  13 ball pythons
  8 bats
  A frilled lizard (D:1)
  6 kobolds
  6 rats
135 creatures vanquished.

Notes
Turn   | Place    | Note
-------+----------+-------------------------------------------
     0 | D:1      | Fodor the Minotaur Fighter began the quest for the Orb.
     0 | D:1      | Reached XP level 1. HP: 19/19 MP: 0/0
   166 | D:1      | Reached XP level 2. HP: 23/27 MP: 1/1
   708 | D:1      | Reached XP level 3. HP: 33/33 MP: 2/2
   731 | D:1      | You fall into a shaft and drop 1 floor!
  1348 | D:2      | Reached XP level 4. HP: 41/41 MP: 3/3
  2039 | D:3      | Identified the +1 long sword of a Labyrinth {protect, *Slow
                  | +Blink rC+ Dex+3}
  2091 | D:3      | Found a faded altar of an unknown god.
  2245 | D:3      | Noticed Robin
  2249 | D:3      | Reached skill level 1 in Long Blades
  2260 | D:3      | Killed Robin
  2558 | D:4      | Noticed a phantom
  2580 | D:4      | Killed a phantom
  2581 | D:4      | Reached XP level 5. HP: 46/47 MP: 4/4
  2589 | D:4      | Reached skill level 5 in Armour
  2589 | D:4      | Reached skill level 1 in Shapeshifting
  2639 | D:4      | Reached XP level 6. HP: 38/53 MP: 5/5
  2641 | D:4      | Found an opulent altar of Gozag.
  3037 | D:4      | Found a shimmering blue altar of Sif Muna.
  3043 | D:4      | Found a bloodstained altar of Trog.
  3235 | D:5      | Entered Level 5 of the Dungeon
  3246 | D:5      | Reached skill level 1 in Dodging
  3272 | D:5      | Found Pol Jeel's General Store.
  3326 | D:5      | Found a glowing golden altar of the Shining One.
  3389 | D:5      | Noticed Menkaure
  3401 | D:5      | Killed Menkaure
  3402 | D:5      | Reached XP level 7. HP: 12/60 MP: 6/6
  3690 | D:5      | Found a hazy altar of Hepliaklqana.
  3748 | D:5      | Found Segeliu's Armour Shop.
  3748 | D:5      | Noticed an animated shadow dragon scales
  3752 | D:5      | Noticed an animated pearl dragon scales
  3765 | D:5      | Reached skill level 5 in Fighting
  3765 | D:5      | Reached skill level 5 in Long Blades
  4705 | D:6      | Found Zuculul's Self-Published Books.
  4849 | D:6      | Reached skill level 5 in Shields
  4964 | D:6      | Reached XP level 8. HP: 59/68 MP: 7/7
  5057 | D:6      | Found Riny's Antique Armour Shop.
  5118 | D:6      | Succumbed to a gnoll bouda's poison

Illustrated notes

Levels and vault maps discovered:
D:1:      heliophobic_arrival_henge, layout_loops_corners,
          nicolae_twisty_statue_hallways
D:2:      layout_loops_cross
D:3:      kennysheep_goblin_castle, layout_loops_cross,
          ebering_ecumenical_altar_abandoned, dreamdust_princess_corridor,
          hex_medium
D:4:      layout_rooms, hellmonk_overflow_destroyed_library,
          general_overflow_altar
D:5:      layout_loops_ring, nicolae_tso_carved_into_rock,
          mainiacjoe_overflow_chevrons, serial_shops, nicolae_shop_mannequins,
          st_stairs_10, minmay_door_square, minmay_shop_grid_forest,
          kennysheep_flooded_box, uniq_menkaure
D:6:      layout_basic, serial_shops, nicolae_stop_n_shop_1,
          nicolae_custom_books, grunt_decor_one_mirror, hangedman_decor_opposing

Skill      XL: |  1  2  3  4  5  6  7  8 |
---------------+-------------------------+-----
Fighting       | 4 5 |  5.2
Armour         | 4 5 6 |  6.4
Axes           | 3 |  3.7
Long Blades    | 2 4 6 |  6.6
Shields        | 4 5 |  5.7
Shapeshifting  | 1 2 |  2.6
Dodging        | 1 2 |  2.1
Stealth        | |  0.5

Action                     |  1- 3 |  4- 6 |  7- 9 || total
---------------------------+-------+-------+-------++-------
  Melee: War axe           |    83 |    36 |       ||   119
         Headbutt          |    10 |    17 |    24 ||    51
         Long sword        |       |    99 |   105 ||   204
 Armour: Scale mail        |    69 |       |       ||    69
         Chain mail        |    10 |   172 |    91 ||   273
  Dodge: Dodged            |    32 |    87 |    54 ||   173
  Block: Buckler           |    20 |    41 |       ||    61
         Tower shield      |       |    11 |   139 ||   150
   Form: Beast             |     1 |       |       ||     1

Table legend: (Time is in decaauts)
 A = Elapsed time spent in this place.
 B = Non-inter-level travel time spent in this place.
 C = Inter-level travel time spent in this place.
 D = Time resting spent in this place.
 E = Time spent auto-exploring this place.
 F = Levels seen in this place.
 G = Mean time per level.
                   A        B        C        D        E       F      G
               +--------+--------+--------+--------+--------+-----+--------+
         Total |   5236 |   5053 |    183 |    236 |   3054 |   6 |  872.7 |
       Dungeon |   5236 |   5053 |    183 |    236 |   3054 |   6 |  872.7 |
               +--------+--------+--------+--------+--------+-----+--------+

Top non-repeatable levels by time:
     D:5: 1322 daAuts
     D:3: 1017 daAuts
     D:1: 984 daAuts
     D:4: 760 daAuts
     D:2: 715 daAuts
     D:6: 436 daAuts
